Map: Orbital Shipyard

Players

호로록 (DRG)

  • Race: Zerg Zerg
  • League: Grandmaster

BravO - Winner!

  • Race: Terran Terran
  • League: Master

Event: Team Gravity's Fight Night #36

VOD

https://youtu.be/mDOyxl6cnkg?t=9m10s

Description

Time

  • Played on: Oct. 25, 2015, 8:23 p.m.
  • Length: 10:27

All games in this series

Show
View Real Time Build Order
Export as new Build Order

호로록 Zerg 

Build Orders: Hatch First, Muta Ling Bane 

Get SALT Encoding   

  12  0:01  Drone  
  13  0:12  Overlord  
  13  0:17  Drone  
  14  0:31  Drone x2  
  14  0:34  Drone  
  17  0:45  Drone  
  18  0:54  Hatchery  
  17  0:57  Drone  
  17  0:59  Extractor  
  17  1:11  Spawning Pool  
  17  1:14  Drone  
  17  1:18  Drone  
  18  1:28  Drone  
  19  1:38  Overlord  
  19  1:58  Zergling x2, Queen  
  19  2:00  Metabolic Boost  
  23  2:01  Zergling x2  
  23  2:05  Queen  
  23  2:08  Drone  
  26  2:12  Zergling x2  
  27  2:18  Drone  
  27  2:22  Drone  
  29  2:28  Drone  
  30  2:33  Queen  
  30  2:35  Drone  
  33  2:39  Overlord  
  33  2:45  Drone  
  33  2:51  Drone  
  35  2:54  Drone  
  35  2:58  Lair  
  36  3:01  Drone  
  37  3:06  Drone x4  
  37  3:10  Overlord  
  41  3:17  Drone x3  
  44  3:28  Queen  
  44  3:30  Drone  
  44  3:31  Extractor  
  44  3:32  Extractor  
  44  3:33  Drone x2  
  47  3:37  Overlord  
  47  3:39  Drone  
  48  3:44  Drone  
  48  3:45  Drone x2  
  51  3:49  Overlord  
  51  3:53  Drone  
  51  3:55  Overseer  
  52  3:57  Drone x2  
  54  4:02  Spire  
  54  4:04  Drone x2  
  54  4:10  Queen  
  54  4:13  Overlord  
  56  4:29  Drone x4  
  56  4:30  Hatchery  
  59  4:32  Extractor  
  59  4:36  Zergling x2  
  59  4:37  Zergling x6  
  62  4:38  Overlord  
  62  4:46  Overlord  
  62  4:48  Drone x2  
  62  4:50  Spore Crawler  
  64  4:52  Drone  
  64  4:53  Baneling Nest  
  64  4:57  Drone x2  
  64  4:59  Overlord  
  66  5:00  Drone  
  66  5:15  Mutalisk x4  
  66  5:21  Mutalisk x2  
  74  5:27  Drone x3  
  81  5:34  Overlord  
  82  5:35  Drone x2  
  82  5:37  Drone, Centrifical Hooks  
  82  5:42  Burrow  
  84  5:43  Drone  
  84  5:48  Drone  
  86  5:51  Drone, Extractor x2  
  86  5:52  Drone  
  86  5:53  Drone  
  86  5:56  Drone  
  88  5:58  Evolution Chamber  
  88  6:01  Evolution Chamber  
  88  6:02  Drone x2  
  88  6:06  Drone x3  
  88  6:08  Drone  
  88  6:09  Drone  
  93  6:13  Drone  
  93  6:16  Drone x3  
  97  6:20  Baneling x5  
  97  6:22  Corruptor x3  
  103  6:31  Zergling x4  
  105  6:32  Overlord  
  105  6:36  Zerg Melee Weapons Level 1  
  105  6:37  Overlord  
  105  6:39  Overlord x2  
  105  6:46  Overlord  
  105  6:49  Zerg Ground Armor Level 1  
  105  6:50  Mutalisk x2  
  105  6:53  Overlord  
  109  7:00  Overlord  
  109  7:04  Zergling x6  
  109  7:05  Mutalisk x2  
  109  7:07  Zergling x8  
  120  7:11  Hatchery, Baneling  
  120  7:12  Baneling x4  
  120  7:14  Zergling x8  
  124  7:15  Zergling x2  
  124  7:26  Mutalisk x2  
  124  7:29  Overseer  
  128  7:31  Zergling x6  
  128  7:32  Zergling x6  
  128  7:36  Baneling  
  134  7:37  Baneling x4  
  134  7:38  Zergling x8  
  138  7:52  Mutalisk x2  
  138  7:54  Hatchery, Zergling x2  
  138  7:55  Zergling x6  
  145  7:58  Overlord  
  145  8:02  Corruptor x2  
  149  8:16  Zergling x2  
  149  8:17  Zergling x18  
  159  8:20  Baneling x6  
  159  8:21  Baneling x6  
  159  8:24  Queen  
  149  8:36  Drone x10, Queen  
  161  8:42  Zergling x8  
  161  8:43  Zergling x2  
  161  8:44  Infestation Pit  
  150  8:50  Zergling x4  
  135  9:03  Zergling x12  
  135  9:06  Zergling x2  
  137  9:12  Mutalisk x2  
  137  9:16  Zergling x4  
  136  9:25  Zergling x14  
  136  9:26  Zergling x4  
  139  9:33  Queen  
  139  9:37  Zergling x8  
  131  9:41  Mutalisk x3  
  131  9:44  Overseer  
  127  9:51  Mutalisk  
  115  10:00  Zergling x8  
  115  10:07  Zergling x6  
  114  10:10  Hatchery  
Show
View Real Time Build Order
Export as new Build Order

BravO Terran - Winner!

Build Orders: Liberator Opening, Reaper Expand, MMM Bio 

Get SALT Encoding   

  12  0:00  SCV  
  13  0:13  SCV  
  14  0:17  Supply Depot  
  14  0:25  SCV  
  15  0:39  SCV  
  15  0:41  Barracks  
  16  0:47  Refinery  
  16  0:51  SCV  
  17  1:03  SCV  
  18  1:15  SCV  
  19  1:28  Orbital Command  
  19  1:30  Reaper  
  20  1:38  Command Center  
  20  1:48  Supply Depot  
  20  1:53  SCV  
  21  2:03  Barracks Reactor  
  21  2:05  SCV  
  22  2:17  SCV  
  23  2:26  Factory  
  24  2:30  SCV  
  24  2:34  Command Center  
  24  2:40  Marine  
  24  2:41  Marine  
  24  2:42  SCV  
  27  2:53  Orbital Command  
  27  2:54  SCV  
  28  2:58  Marine x2  
  30  3:06  SCV  
  30  3:07  Refinery  
  30  3:10  Starport  
  31  3:18  SCV  
  31  3:19  SCV  
  33  3:30  SCV, Barracks Tech Lab  
  33  3:31  SCV  
  34  3:34  Liberator  
  34  3:40  Refinery  
  34  3:41  Refinery  
  34  3:42  SCV  
  34  3:43  SCV  
  36  3:51  Orbital Command  
  39  3:55  SCV  
  39  3:56  SCV  
  39  3:58  Marine  
  42  4:06  Barracks  
  42  4:07  Barracks  
  42  4:09  SCV x2  
  44  4:14  Factory Reactor  
  44  4:16  Marine  
  45  4:17  Liberator  
  45  4:19  SCV  
  45  4:21  SCV x2  
  45  4:23  Stimpack  
  48  4:32  SCV  
  48  4:33  Engineering Bay  
  48  4:35  Engineering Bay  
  48  4:37  Marine  
  53  4:42  SCV x2  
  53  4:44  SCV  
  56  4:51  Supply Depot  
  56  4:58  Barracks  
  56  4:59  Barracks  
  56  5:00  SCV x3, Liberator  
  56  5:02  Factory Reactor  
  56  5:06  Missile Turret  
  59  5:14  Supply Depot  
  59  5:15  Terran Infantry Weapons Level 1, Terran Infantry Armor Level 1  
  62  5:21  Orbital Command  
  62  5:22  Marine x5  
  62  5:25  SCV x2  
  69  5:33  Supply Depot  
  69  5:38  Supply Depot  
  69  5:39  Missile Turret  
  69  5:44  SCV x2  
  69  5:45  Marine x4  
  69  5:46  Factory Reactor  
  69  5:48  Barracks Reactor x2  
  75  5:51  SCV  
  75  5:56  SCV x2  
  78  6:01  Marine  
  78  6:03  SCV, Marine x4  
  84  6:08  SCV x2  
  84  6:09  Medivac x2  
  90  6:13  Supply Depot  
  90  6:14  Supply Depot  
  90  6:15  SCV  
  90  6:18  Armory  
  91  6:19  Marine  
  91  6:20  SCV  
  91  6:22  Refinery  
  93  6:31  Missile Turret  
  93  6:34  SCV, Widow Mine x2  
  93  6:35  Marine x2  
  93  6:36  Supply Depot  
  93  6:38  Supply Depot, Combat Shields  
  100  6:40  Marine  
  100  6:42  Marine x2  
  100  6:44  Marine x2  
  100  6:46  SCV x2  
  105  6:48  Marine x2  
  107  6:56  Medivac  
  107  6:57  Medivac  
  107  7:00  Supply Depot  
  111  7:02  Supply Depot, Widow Mine x2  
  111  7:03  Marine x2  
  111  7:06  Marine x4  
  111  7:08  Marine  
  122  7:11  Marine x2  
  124  7:16  Terran Infantry Weapons Level 2  
  124  7:18  Terran Infantry Armor Level 2  
  124  7:20  Marine  
  125  7:31  Medivac x2, Widow Mine x2  
  125  7:34  Supply Depot  
  125  7:36  Supply Depot  
  133  7:41  Marine x8  
  141  7:55  Marine  
  141  7:57  Supply Depot  
  142  7:59  Supply Depot  
  142  8:00  Widow Mine x2  
  142  8:01  Medivac x2  
  142  8:04  Marine x6  
  142  8:05  Marine x2  
  157  8:11  Starport  
  157  8:18  Marine  
  158  8:27  Marine x2  
  158  8:30  Marine x4  
  134  8:34  Medivac  
  134  8:35  Medivac  
  134  8:37  Widow Mine x2  
  134  8:39  SCV x3  
  134  8:45  Marine x4  
  134  8:46  Marine  
  134  8:48  Marine x3  
  131  8:55  Orbital Command, Marine  
  95  9:03  Marine x4  
  95  9:04  Marine  
  95  9:06  Marine x3  
  92  9:12  SCV x2  
  92  9:13  Marine  
  92  9:16  Widow Mine x2  
  99  9:21  Marine x5  
  99  9:23  SCV, Marine x3  
  108  9:24  SCV  
  108  9:25  SCV  
  108  9:30  Marine  
  109  9:35  SCV  
  109  9:36  SCV  
  109  9:37  SCV  
  104  9:38  Marine x2  
  104  9:39  Marine x2  
  98  9:47  SCV  
  98  9:49  SCV  
  98  9:50  Marine x4  
  100  9:56  Marine x2  
  100  10:03  Marine x2  

Tags
 
Add a new tag
Caveats
  • Supply blocks, unpowered buildings, or Contaminate may cause inaccurate times.
  • Supply counts are checked every 10 seconds.